 Dungeon Crawl Stone Soup version 0.20.1-1-g8b1a95d (webtiles) character file.

706 dstrtn the Sneak (level 7, -8/42 HPs)
             Began as a Spriggan Chaos Knight on Oct 14, 2017.
             Killed by divine providence
             ... invoked by an orc priest
             ... summoned by Xom
              (13 damage)
             ... on level 8 of the Dungeon.
             The game lasted 00:26:44 (4662 turns).

dstrtn the Sneak (Spriggan Chaos Knight)            Turns: 4662, Time: 00:26:44

Health: -8/42      AC:  5    Str: 10    XL:     7   Next: 39%
Magic:  8/16       EV: 21    Int: 12    God:    Xom [*.....]
Gold:   715        SH:  5    Dex: 17    Spells: 9/16 levels left

rFire    + . .     SeeInvis +   n - +0 short sword (speed)
rCold    . . .     Gourm    .   (shield restricted)
rNeg     . . .     Faith    .   b - +2 robe
rPois    .         Spirit   .   (helmet restricted)
rElec    .         Reflect  +   (no cloak)
rCorr    +         Harm     .   (gloves unavailable)
MR       +....     Clarity  +   (boots unavailable)
Stlth    +++.......             D - +5 amulet of reflection
Regen    0.2/turn               l - ring of resist corrosion
MPRegen  0.2/turn               m - ring of protection from fire

@: drained, very quick
A: unfitting armour, hooves 1, repulsion field 1, see invisible, clarity, dopey
1, herbivore 3, speed 3, mutation resistance 1, robust 2, shaggy fur 1, slow
metabolism 2, strong 1
a: Renounce Religion


You were on level 8 of the Dungeon.
You worshipped Xom.
You were a special plaything of Xom.
You were not hungry.

You visited 1 branch of the dungeon, and saw 7 of its levels.

You collected 715 gold pieces.

Inventory:

Hand Weapons
 n - a +0 short sword of speed (weapon)
Missiles
 a - 10 poisoned needles
 d - 6 needles of confusion
 e - 15 bolts
 g - 5 needles of sleeping
 i - 238 stones (quivered)
 v - 21 sling bullets
 z - a throwing net
 C - 57 arrows
Armour
 b - a +2 robe (worn)
Jewellery
 l - a ring of resist corrosion (left hand)
 m - a ring of protection from fire (right hand)
 r - an uncursed amulet of magic regeneration
 x - an uncursed amulet of rage
 D - a +5 amulet of reflection (around neck)
Scrolls
 f - 2 scrolls of enchant weapon
 p - 4 scrolls of teleportation
 q - a scroll of fog {unknown}
 t - a scroll of immolation {unknown}
 w - 2 scrolls of remove curse {unknown}
 y - 2 scrolls of recharging
 G - a scroll of fear {unknown}
 H - a scroll of amnesia {unknown}
 I - a scroll of identify
Potions
 h - 2 potions of haste
 k - a potion of lignification {unknown}
 s - 2 potions of heal wounds
 u - 2 potions of flight
 A - 3 potions of curing
 E - a potion of mutation
Books
 B - a book of Changes

   Spells                             Type                      Level
   a - Beastly Appendage              Transmutation                1
   b - Sticks to Snakes               Transmutation                2
   c - Spider Form                    Transmutation/Poison         3
   d - Ice Form                       Ice/Transmutation            4
   e - Blade Hands                    Transmutation                5
 F - a book of Minor Magic

   Spells                             Type                      Level
   a - Magic Dart                     Conjuration                  1
   b - Blink                          Translocation                2
   c - Call Imp                       Summoning                    2
   d - Slow                           Hexes                        2
   e - Conjure Flame                  Conjuration/Fire             3
   f - Mephitic Cloud                 Conjuration/Poison/Air       3
Comestibles
 c - 7 bread rations
 j - 2 fruits
 o - 3 royal jellies


   Skills:
 - Level 2.4(2.3) Fighting
 - Level 4.1(4.0) Short Blades
 - Level 3.5(3.4) Dodging
 - Level 6.8(6.7) Stealth
 - Level 5.3(5.2) Spellcasting
 - Level 2.3(2.2) Hexes
 + Level 0.0 Translocations
 - Level 4.6(4.5) Transmutations


You had 9 spell levels left.
You knew the following spells:

 Your Spells              Type           Power        Failure   Level  Hunger
a - Beastly Appendage     Tmut           ##....       3%          1    None
b - Blink                 Tloc           N/A          30%         2    ##.....
c - Slow                  Hex            #.......     12%         2    ##.....
s - Sticks to Snakes      Tmut           ##......     4%          2    ##.....


Dungeon Overview and Level Annotations

Branches:
Dungeon (6/15)             Temple (0/1) D:4

Altars:
Cheibriados
Trog
Xom
Zin

Annotations:
D:4 Sigmund; tmwrnj's ghost, amateur HOFi
D:5 Blork the orc; Dowan
D:8 Gastronok


Innate Abilities, Weirdness & Mutations

You are very small and have problems with some larger weapons.
You are too small for most types of armour.
You have supernaturally acute eyesight. (SInv)
You are a herbivore.
You cover ground extremely quickly.
You need consume almost no food.
You have large cloven feet.
You are surrounded by a mild repulsion field. (EV +2)
You possess an exceptional clarity of mind.
You are dopey. (Int -2)
You are somewhat resistant to further mutation.
You are very robust. (+20% HP)
You are covered in fur. (AC +1)
Your muscles are strong. (Str +2)


Message History

The orc priest casts a cantrip, but nothing happens.
The orc priest hits you but does no damage.
The centaur skeleton misses you. The orc priest hits you with a dagger.
An orc wizard and a skeleton come into view.
The orc wizard shouts!
The orc shouts!
The two-headed ogre shouts in stereo!
You hear a shout!
You hear two shouts!
The orc wizard points at you and mumbles some strange words.
The magic dart hits you!
The orc priest calls down the wrath of Xom upon you.
Xom smites you!
The orc priest mumbles some strange prayers to Xom against you.
Pain shoots through your body!
* * * LOW HITPOINT WARNING * * *
The orc wizard gestures wildly while chanting.
The orc wizard blinks!
The orc priest invokes the aid of Xom against you.
Xom smites you!
You die...
Xom howls with laughter!

# ####'##..###.#
#........# # #........#.#
#........# ## #........#.#
#........# .# #........#.#
#........# .# #........#.#
#........# . .#
#........#.###Zao.a...#...
.#
#........#...lo######.....
.#
#.รท......#..o..o.o...####
.####
#........@..oo....##.....O
....#
##.######...Z.o...'...####
..#.#####.#
#.O...O...##..#
#.......#.# #.........# .
#.....(.#.######..###....#
........#.........# #....#
##......#######.#># #....#
.....o......[.### ###...
..............#### #####


You could see 2 two-headed ogres, a worker ant, 3 orc priests, an orc wizard, 3
orcs, a leopard gecko, an adder skeleton and a centaur skeleton.

Vanquished Creatures
  A phantom (D:8)
  A sky beast (D:8)
  4 crimson imps
  2 orc priests
  2 hounds
  2 orc wizards
  A bullfrog skeleton (D:3)
  2 worker ants
  5 adders
  A shadow imp (D:5)
  3 oozes
  An adder zombie (D:5)
  2 worms
  2 leopard geckos
  7 orcs
  4 giant cockroaches
  9 goblins
  7 hobgoblins
  6 jackals
  13 kobolds
  A ball python (D:2)
  3 bats
  2 frilled lizards
  A jackal skeleton (D:4)
  2 leopard gecko skeletons (D:4)
  A quokka zombie (D:5)
  10 rats
95 creatures vanquished.

Vanquished Creatures (collateral kills)
  A bat (D:1)
1 creature vanquished.

Grand Total: 96 creatures vanquished

Notes
Turn   | Place    | Note
-------+----------+-------------------------------------------
     0 | D:1      | dstrtn the Spriggan Chaos Knight began the quest for the Orb.
     0 | D:1      | Reached XP level 1. HP: 11/11 MP: 2/2
    28 | D:1      | Reached skill level 1 in Stealth
    60 | D:1      | XOM: divination: detect items
    69 | D:1      | XOM: 1-stop teleportation journey
   122 | D:1      | Reached skill level 2 in Stealth
   163 | D:1      | XOM: fog
   260 | D:1      | XOM: scenery: create altars
   291 | D:1      | XOM: confuse monster(s)
   297 | D:1      | Reached XP level 2. HP: 9/16 MP: 3/3
   306 | D:1      | XOM: 2-stop teleportation journey
   388 | D:1      | Reached skill level 3 in Stealth
   408 | D:1      | XOM: confuse monster(s)
   528 | D:1      | XOM: cast spell 'Summon Hydra'
   598 | D:1      | Reached skill level 4 in Stealth
   728 | D:1      | Reached XP level 3. HP: 17/19 MP: 4/4
   989 | D:1      | XOM: god gift: 520 gold pieces
  1164 | D:2      | Reached skill level 5 in Stealth
  1335 | D:2      | XOM: give mutations
  1335 | D:2      | Gained mutation: You are surrounded by a mild repulsion field. (EV +2) [Xom's grace]
  1335 | D:2      | Gained mutation: You are covered in fur. (AC +1) [Xom's grace]
  1335 | D:2      | Gained mutation: Your muscles are strong. (Str +2) [Xom's grace]
  1407 | D:2      | XOM: give mutations
  1407 | D:2      | Gained mutation: You are covered in thick fur. (AC +2) [Xom's grace]
  1407 | D:2      | Gained mutation: You have large cloven feet. [Xom's grace]
  1407 | D:2      | Gained mutation: You are robust. (+10% HP) [Xom's grace]
  1407 | D:2      | Gained mutation: You are very robust. (+20% HP) [Xom's grace]
  1492 | D:2      | Reached XP level 4. HP: 27/27 MP: 5/5
  1609 | D:2      | Reached skill level 6 in Stealth
  1778 | D:3      | XOM: 3-stop teleportation journey
  1827 | D:3      | XOM: cloud trail
  1880 | D:3      | XOM: god gift: 13 gold pieces
  2096 | D:3      | XOM: cast spell 'Ring of Flames'
  2229 | D:3      | Found a bloodstained altar of Trog.
  2478 | D:3      | Reached XP level 5. HP: 32/32 MP: 6/6
  2590 | D:4      | Noticed tmwrnj's ghost (amateur HOFi)
  2697 | D:4      | Found a snail-covered altar of Cheibriados.
  2699 | D:4      | Found a glowing silver altar of Zin.
  2699 | D:4      | Found a staircase to the Ecumenical Temple.
  2725 | D:4      | Learned a level 2 spell: Sticks to Snakes
  2965 | D:3      | XOM: 4-stop teleportation journey
  3026 | D:4      | Noticed Sigmund
  3190 | D:4      | XOM: summons 2 friendly demons
  3254 | D:4      | XOM: destruction
  3303 | D:4      | XOM: destruction
  3305 | D:4      | XOM: cleaving
  3322 | D:4      | XOM: summons 2 hostile demons
  3480 | D:5      | Entered Level 5 of the Dungeon
  3491 | D:5      | XOM: polymorph orc -> bat
  3493 | D:5      | Noticed a centaur
  3527 | D:4      | XOM: noise
  3530 | D:4      | Reached XP level 6. HP: 34/38 MP: 7/7
  3545 | D:4      | Learned a level 1 spell: Beastly Appendage
  3553 | D:5      | Reached skill level 1 in Spellcasting
  3744 | D:5      | XOM: give mutations
  3744 | D:5      | Lost mutation: You are covered in thick fur. (AC +2) [Xom's mischief]
  3744 | D:5      | Gained mutation: You are somewhat resistant to further mutation. [Xom's mischief]
  3744 | D:5      | Gained mutation: You are dopey. (Int -2) [Xom's mischief]
  3744 | D:5      | Gained mutation: You possess an exceptional clarity of mind. [Xom's mischief]
  3769 | D:5      | XOM: 2-stop teleportation journey
  3818 | D:5      | Learned a level 2 spell: Blink
  3821 | D:5      | Learned a level 2 spell: Slow
  3833 | D:5      | XOM: medium Pois miscast
  3897 | D:5      | XOM: god gift: 7 poisoned javelins
  3934 | D:5      | Noticed Dowan
  3935 | D:5      | XOM: mild Fire miscast
  3941 | D:5      | Noticed Blork the orc
  4049 | D:6      | XOM: medium Necr miscast
  4077 | D:6      | You fall through a shaft for 2 floors!
  4077 | D:8      | Noticed a two-headed ogre
  4083 | D:8      | Noticed a vampire
  4111 | D:8      | Noticed an orc warrior
  4226 | D:8      | Noticed Gastronok
  4251 | D:8      | Noticed a two-headed ogre
  4280 | D:8      | XOM: mild Summ miscast
  4287 | D:8      | Noticed a sky beast
  4296 | D:8      | XOM: blink monster(s)
  4302 | D:8      | XOM: enchant monster (bad)
  4310 | D:8      | XOM: confuse monster(s)
  4330 | D:8      | XOM: enchant monster (good)
  4362 | D:8      | Reached XP level 7. HP: 32/42 MP: 14/14
  4380 | D:8      | Reached skill level 5 in Spellcasting
  4508 | D:8      | XOM: destruction
  4590 | D:8      | XOM: swap monsters
  4611 | D:8      | XOM: enchant monster (bad)
  4613 | D:8      | XOM: scenery: create altars
  4616 | D:8      | XOM: 4-stop teleportation journey
  4651 | D:8      | XOM: summons 4 hostile shadow creatures
  4662 | D:8      | Killed from afar by an orc priest

Skill      XL: |  1  2  3  4  5  6  7 |
---------------+----------------------+-----
Stealth        | 2 4 5 6 |  6.8
Short Blades   | 4 |  4.1
Transmutations | 4 |  4.6
Spellcasting   | 4 5 |  5.3
Hexes          | 2 |  2.3
Fighting       | |  2.4
Dodging        | |  3.5

Action                   |  1- 3 |  4- 6 |  7- 9 || total
-------------------------+-------+-------+-------++-------
Melee: Short sword       |   138 |   305 |    21 ||   464
       Kick              |     1 |    85 |     5 ||    91
       Headbutt          |       |     3 |     4 ||     7
 Cast: Sticks to Snakes  |       |     2 |     8 ||    10
       Beastly Appendage |       |     1 |     1 ||     2
  Use: Scroll            |       |     8 |       ||     8
 Stab: Sleeping          |     8 |     6 |     1 ||    15
       Confused          |     3 |       |       ||     3
  Eat: Fruit             |       |     1 |     1 ||     2
Armor: Robe              |    20 |    23 |     3 ||    46
Dodge: Dodged            |   125 |   185 |    10 ||   320
Block: Other             |       |    18 |     7 ||    25
